 Dungeon Crawl Stone Soup version 0.31-a0-214-gb37851dbb3 (webtiles) character file.

Game seed: 18270930383244707798

88 qw the Shooter (level 4, -1/36 HPs)
             Began as a Minotaur Hexslinger on July 1, 2023.
             Slain by an orc priest
             ... wielding a +0 club
              (2 damage)
             ... on level 2 of the Dungeon.
             The game lasted 00:00:27 (1082 turns).

qw the Shooter (Minotaur Hexslinger)                Turns: 1082, Time: 00:00:27

Health: -1/36      AC:  3    Str: 12    XL:     4   Next: 30%
Magic:  4/4        EV: 12    Int: 10    God:
Gold:   99         SH:  0    Dex: 15    Spells: 4/5 levels left

rFire   . . .        Y - +1 sling
rCold   . . .        (no shield)
rNeg    . . .        c - +0 robe
rPois   .            (helmet restricted)
rElec   .            (no cloak)
rCorr   .            (no gloves)
SInv    .            i - +0 pair of boots
Will    +....        (no amulet)
Stlth   +            f - ring of willpower
HPRegen 0.26/turn    (no ring)
MPRegen 0.09/turn

%: no passive effects
@: no status effects
A: horns 2, retaliatory headbutt
a: no special abilities


You were on level 2 of the Dungeon.
You visited 1 branch of the dungeon, and saw 3 of its levels.

You collected 99 gold pieces.


Innate Abilities, Weirdness & Mutations

You have a pair of horns on your head.
You reflexively headbutt those who attack you in melee.


   Skills:
 - Level 2.0 Fighting
 + Level 4.9 Ranged Weapons
 - Level 2.1 Dodging
 - Level 1.0 Spellcasting
 - Level 2.0 Hexes


You had 4 spell levels left.
You knew the following spells:

 Your Spells              Type           Power      Damage    Failure   Level
a - Slow                  Hex            16%        N/A       16%         1

Your spell library contained the following spells:

 Spells                   Type           Power      Damage    Failure   Level
 Inner Flame              Hex/Fire       2%         N/A       56%         3
 Portal Projectile        Hex/Tloc       4%         N/A       56%         3
 Cause Fear               Hex            2%         N/A       83%         4

Inventory:

Hand Weapons
 Y - a +1 sling (weapon)
Armour
 c - a +0 robe (worn)
 i - a +0 pair of boots (worn)
Jewellery
 f - a ring of willpower (left hand)
Potions
 b - a potion of enlightenment {unknown}
 d - a potion of might
 e - a potion of berserk rage {unknown}
 j - a potion of curing

Dungeon Overview and Level Annotations

Branches:
Dungeon (3/15)

Altars:


Message History

The sling bullet hits the goblin.
You kill the goblin!
You shoot a sling bullet. The sling bullet hits the orc priest.
The orc priest is heavily wounded.
You shoot a sling bullet.
The sling bullet barely misses the orc priest. x2
You shoot a sling bullet.
The sling bullet completely misses the orc priest.
The sling bullet barely misses the orc priest.
The orc shouts!
A hobgoblin comes into view.
The orc priest hits you with a +1 heavy hand axe.
1078 ||| STAIRDANCE The orc priest hits you with a +0 club.
The orc priest barely misses you.
You climb upwards.
There is a stone staircase leading down here.
Enter note:
Enter note:
Enter note:
Enter note:
Enter note:
Enter note:
Enter note:
Enter note:
Enter note: You shoot a sling bullet.
The sling bullet hits the orc priest.
The orc priest is severely wounded.
The orc priest closely misses you.
The orc priest invokes the aid of Beogh against you.
Beogh smites you!
The orc priest calls down the wrath of Beogh upon you.
Beogh smites you!
You shoot a sling bullet. The sling bullet hits the orc priest!
You kill the orc priest!
The orc priest hits you with a +0 club.
You have reached level 4!
You feel agile.
You shoot a sling bullet.
The sling bullet closely misses the orc priest.
The orc priest hits you with a +0 club.
You die...

#.............#####.#
#.............# #.#
#.............#####.#
#...................#
#############+##.######
.....# #.##.# .....#
#.##.#
.....########.##o#
.....+..........@#
.....########.##)#
.....# #.##.# .....#
#.##.# .....# #.##.#
.....# #.##.#
.....########.##.#
..............##.#
.....#######..##.#


You could see an orc priest.

Vanquished Creatures
  An orc priest (D:2)
  2 adders (D:2)
  2 dart slugs
  5 ball pythons
  5 bats
  4 endoplasms (D:2)
  A giant cockroach (D:2)
  2 goblins
  2 hobgoblins
  3 quokkas (D:1)
  4 frilled lizards
  2 kobolds
  4 rats
37 creatures vanquished.

Notes
Turn   | Place    | Note
-------+----------+-------------------------------------------
     0 | D:1      | qw the Minotaur Hexslinger began the quest for the Orb.
     0 | D:1      | Reached XP level 1. HP: 16/16 MP: 1/1
     0 | D:1      | 0 ||| qw: Version: 0.3-a-32-g5962c71
     0 | D:1      | 0 ||| qw: Game counter: 7673
     0 | D:1      | 0 ||| qw: Melee chars always use a shield: true
     0 | D:1      | 0 ||| qw: God list: Okawaru
     0 | D:1      | 0 ||| qw: Allow faded altars: false
     0 | D:1      | 0 ||| qw: Do Orc after clearing Dungeon:15 true
     0 | D:1      | 0 ||| qw: Do second Lair branch before Depths: true
     0 | D:1      | 0 ||| qw: Lair rune preference: random
     0 | D:1      | 0 ||| qw: Goals: Normal
     0 | D:1      | 0 ||| PLANNING D:1-11
   143 | D:1      | Reached skill level 3 in Ranged Weapons
   143 | D:1      | Reached XP level 2. HP: 23/23 MP: 2/2
   433 | D:1      | 433 ||| READING scroll labelled ARUACOUZIH.
   434 | D:1      | 434 ||| DRINKING 2 golden potions.
   435 | D:1      | 435 ||| DROPPING scroll of poison.
   554 | D:2      | HP: 6/24 [poisoned by an adder]
   555 | D:2      | Reached XP level 3. HP: 7/29 MP: 3/3
   673 | D:2      | Reached skill level 4 in Ranged Weapons
  1042 | D:2      | 1042 ||| UPGRADING to +0 pair of boots.
  1047 | D:2      | 1047 ||| UPGRADING to ring of willpower.
  1048 | D:2      | 1048 ||| READING scroll labelled PUPSOG ENUATWI.
  1049 | D:2      | 1049 ||| READING scroll labelled RAVAUPHUNLO.
  1050 | D:2      | 1050 ||| READING scroll labelled ZEIMPO YT MYTY.
  1051 | D:2      | 1051 ||| DRINKING 2 blue potions.
  1078 | D:3      | 1078 ||| STAIRDANCE
  1080 | D:2      | HP: 4/29 [orc priest/divine providence (10)]
  1081 | D:2      | HP: 1/29 [orc priest/+0 club (4)]
  1082 | D:2      | Reached XP level 4. HP: 1/36 MP: 4/4
  1082 | D:2      | Slain by an orc priest

Levels and vault maps discovered:
D:1:      nicolae_arrival_washed_ashore, layout_rooms
D:2:      layout_basic, minmay_tiny_reverse_x
D:3:      layout_rooms, vehumet_crystals

Skill      XL: |  1  2  3 |
---------------+----------+-----
Ranged Weapons | 3 4 |  4.9
Fighting       | 2 |  2.0
Dodging        | |  2.1
Spellcasting   | |  1.0
Hexes          | |  2.0

Action                     |  1- 3 |  4- 6 || total
---------------------------+-------+-------++-------
   Fire: Sling             |    98 |     1 ||    99
    Use: Scroll            |     4 |       ||     4
         Potion            |     2 |       ||     2
 Armour: Robe              |     7 |       ||     7
  Dodge: Dodged            |    25 |       ||    25

Table legend:
 A = Non-vault XP
 B = Vault XP
 C = Vault XP percentage of total XP
 D = Non-vault monster count
 E = Vault monster count
 F = Vault count percentage of total count
                 A         B        C        D         E       F
            +---------+---------+-------+---------+---------+-------
      Total |     124 |       3 |   2.4 |      35 |       2 |   5.4
            +---------+---------+-------+---------+---------+-------
        D:1 |      25 |       0 |   0.0 |      14 |       0 |   0.0
        D:2 |      97 |       3 |   3.0 |      20 |       2 |   9.1
        D:3 |       2 |       0 |   0.0 |       1 |       0 |   0.0
            +---------+---------+-------+---------+---------+-------
